 Dungeon Crawl Stone Soup version 0.30-a0-219-gf2db51d15e (webtiles) character file.

Game seed: 8282580177031467037

90 KennySheep the Chiller (level 4, 0/33 HPs)
             Began as a Barachi Ice Elementalist on Oct 7, 2022.
             Was a Follower of Nemelex Xobeh.
             Slain by a gnoll
             ... wielding a +0 club
              (3 damage)
             ... on level 3 of the Dungeon.
             The game lasted 00:05:00 (2212 turns).

KennySheep the Chiller (Barachi Ice Elementalist)   Turns: 2212, Time: 00:05:01

Health: 0/33       AC:  4    Str: 12    XL:     4   Next: 56%
Magic:  1/7        EV: 16    Int: 15    God:    Nemelex Xobeh [*.....]
Gold:   66         SH:  0    Dex: 12    Spells: 3/7 levels left

rFire   . . .      SeeInvis .      - Unarmed
rCold   . . .      Faith    .    (no shield)
rNeg    . . .      Spirit   .    i - +0 leather armour
rPois   .          Reflect  .    (no helmet)
rElec   .          Harm     .    (no cloak)
rCorr   .          Rampage  .    (no gloves)
Will    .....                    f - +0 pair of boots
Stlth   ++........               (no amulet)
HPRegen 0.25/turn                g - +4 ring of evasion
MPRegen 0.10/turn                (no ring)

@: slow
A: amphibious, slowness 1, strong legs 1, +LOS
a: Hop, Renounce Religion, Draw Escape, Draw Destruction, Draw Summoning


You were on level 3 of the Dungeon.
You worshipped Nemelex Xobeh.
Nemelex Xobeh was aware of your devotion.
You visited 1 branch of the dungeon, and saw 3 of its levels.

You collected 66 gold pieces.

Inventory:

Missiles
 h - 6 silver javelins
Armour
 a - a +0 robe
 f - a +0 pair of boots (worn)
 i - a +0 leather armour (worn)
Jewellery
 g - a +4 ring of evasion (left hand)
 m - a ring of protection from cold
Wands
 s - a wand of polymorph (5)
Scrolls
 e - a scroll of blinking {unknown}
 j - a scroll of poison {unknown}
 n - a scroll of teleportation {unknown}
 o - a scroll of vulnerability {unknown}
 q - a scroll of identify {unknown}
 r - a scroll of noise {unknown}
Potions
 b - 2 potions of magic
 c - a potion of heal wounds {unknown}
 d - a potion of berserk rage {unknown}
 k - a potion of attraction {unknown}
 l - 3 potions of lignification {unknown}
 p - a potion of degeneration {unknown}
 t - a potion of haste {unknown}


   Skills:
 + Level 1.6 Fighting
 + Level 1.0 Armour
 + Level 2.7 Dodging
 - Level 1.7 Stealth
 * Level 2.2 Unarmed Combat
 - Level 2.4 Spellcasting
 - Level 5.2 Ice Magic
 + Level 0.6 Invocations


You had 3 spell levels left.
You knew the following spells:

 Your Spells              Type           Power      Damage    Failure   Level
a - Freeze                Ice            68%        1d8       3%          1
b - Ozocubu's Armour      Ice            17%        N/A       10%         3

Your spell library contained the following spells:

 Spells                   Type           Power      Damage    Failure   Level
 Frozen Ramparts          Ice            34%        1d6       10%         3
 Necrotise                Necr           4%         1d4       26%         1
 Vampiric Draining        Necr           1%         2d6       63%         3
 Summon Ice Beast         Ice/Summ       9%         N/A       65%         4
 Agony                    Necr           1%         N/A       100%        5


Dungeon Overview and Level Annotations

Branches:
Dungeon (3/15)

Altars:
Nemelex Xobeh
Trog
Xom

Annotations:
D:2 1 runed translucent door, Crazy Yiuf


Innate Abilities, Weirdness & Mutations

You are amphibious.
You cover ground slowly.
You can hop short distances.
You have an extended range of vision and can be seen from far away.


Message History

You hit the gnoll but do no damage.
The gnoll is moderately wounded.
The gnoll closely misses you.
You hit the gnoll.
The gnoll is heavily wounded.
The gnoll hits you with a +0 club.
You freeze the gnoll.
The gnoll is severely wounded.
The gnoll closely misses you.
You barely miss the gnoll.
The gnoll is severely wounded.
The gnoll closely misses you.
You hit the gnoll but do no damage.
The gnoll is severely wounded.
The gnoll barely misses you.
You closely miss the gnoll.
The gnoll is severely wounded.
The gnoll misses you.
You hit the gnoll.
The gnoll is severely wounded.
The gnoll hits you with a +0 club.
* * * LOW HITPOINT WARNING * * *
You barely miss the gnoll.
The gnoll is severely wounded.
The gnoll misses you.
You barely miss the gnoll.
The gnoll is severely wounded.
The gnoll misses you.
You barely miss the gnoll.
The gnoll is severely wounded.
The gnoll hits you with a +0 club.
* * * LOW HITPOINT WARNING * * *
You hit the gnoll.
The gnoll is severely wounded.
The gnoll barely misses you.
You barely miss the gnoll.
The gnoll is severely wounded.
The gnoll hits you with a +0 club.
You die...
Your body disappears without a glow.

# #.#.....# #.# #.#.#.....# #.#
.##.#.#.$... #.# .........S#
#.####### #...S.# #.#.....#
#.....# #.#.###.# # #...g.#
#.#...#.# ##.###..######.###.#.#
#...........g@.......#
#.#####...#.####.###.###
#.........#.# #..# #.#
########..#.###.## #.######
###### #..#.##..# #.#....####
..#..# #..#.##.## #.#.##.##.#
#.#..# #.......#####.#.##.##.##
#.#..# #..........##.#........#
#.#..####..###.....##.####.#...##


You could see a gnoll.

Vanquished Creatures
  2 gnolls (D:3)
  An adder (D:3)
  A worm (D:2)
  2 dart slugs (D:1)
  5 orcs
  3 ball pythons
  3 endoplasms
  3 giant cockroaches (D:2)
  4 goblins
  3 hobgoblins
  2 jackals (D:3)
  2 quokkas
  5 bats
  6 frilled lizards
  4 kobolds
  2 rats
48 creatures vanquished.

Notes
Turn   | Place    | Note
-------+----------+-------------------------------------------
     0 | D:1      | KennySheep the Barachi Ice Elementalist began the quest for
                  | the Orb.
     0 | D:1      | Reached XP level 1. HP: 13/13 MP: 3/3
    98 | D:1      | Reached skill level 5 in Ice Magic
   178 | D:1      | Reached XP level 2. HP: 7/20 MP: 0/5
   728 | D:1      | Reached skill level 1 in Unarmed Combat
   886 | D:2      | Reached XP level 3. HP: 25/25 MP: 4/6
   927 | D:2      | Found a sparkling altar of Nemelex Xobeh.
   930 | D:2      | Reached skill level 1 in Fighting
   965 | D:2      | Became a worshipper of Nemelex Xobeh the Trickster
  1260 | D:2      | Learned a level 3 spell: Ozocubu's Armour
  1324 | D:2      | Found a runed translucent door.
  1325 | D:2      | Noticed Crazy Yiuf
  1926 | D:3      | Reached * piety under Nemelex Xobeh
  1939 | D:3      | Reached XP level 4. HP: 29/32 MP: 4/7
  2104 | D:3      | Found a bloodstained altar of Trog.
  2129 | D:3      | Found a shimmering altar of Xom.
  2196 | D:3      | Reached skill level 1 in Armour
  2212 | D:3      | Slain by a gnoll

Illustrated notes

Levels and vault maps discovered:
D:1:      minmay_arrival_arboretum_small, layout_loops_ring
D:2:      layout_loops_ring, basic_altar, uniq_crazy_yiuf_cottage
D:3:      layout_basic, mainiacjoe_overflow_catwalk_spiral

Skill      XL: |  1  2  3  4 |
---------------+-------------+-----
Ice Magic      | 5 |  5.2
Unarmed Combat | 1 2 |  2.2
Fighting       | 1 |  1.6
Armour         | 1 |  1.0
Dodging        | |  2.7
Stealth        | |  1.7
Spellcasting   | |  2.4
Invocations    | |  0.6

Action                   |  1- 3 |  4- 6 || total
-------------------------+-------+-------++-------
Melee: Unarmed           |    87 |    29 ||   116
 Cast: Freeze            |    49 |    13 ||    62
 Stab: Sleeping          |     2 |       ||     2
Armor: Robe              |     9 |       ||     9
       Leather armour    |     4 |     2 ||     6
Dodge: Dodged            |    83 |    29 ||   112

Table legend: (Time is in decaauts)
 A = Elapsed time spent in this place.
 B = Non-inter-level travel time spent in this place.
 C = Inter-level travel time spent in this place.
 D = Time resting spent in this place.
 E = Time spent auto-exploring this place.
 F = Levels seen in this place.
 G = Mean time per level.
                   A        B        C        D        E       F      G
               +--------+--------+--------+--------+--------+-----+--------+
         Total |   2486 |   2413 |     73 |    144 |   1786 |   3 |  828.7 |
       Dungeon |   2486 |   2413 |     73 |    144 |   1786 |   3 |  828.7 |
               +--------+--------+--------+--------+--------+-----+--------+

Top non-repeatable levels by time:
     D:2: 1010 daAuts
     D:1: 917 daAuts
     D:3: 558 daAuts
